 Dungeon Crawl Stone Soup version 0.29-a0-234-g0dae59b3db (webtiles) character file.

Game seed: 15732150017986875131

638 spaghetti the Blocker (level 7, -2/46 HPs)
             Began as an Octopode Fighter on Mar 3, 2022.
             Shot with an arrow by a centaur (5 damage)
             ... on level 6 of the Dungeon.
             The game lasted 00:04:57 (4502 turns).

spaghetti the Blocker (Octopode Fighter)            Turns: 4502, Time: 00:04:57

Health: -2/46      AC:  1    Str: 16    XL:     7   Next: 50%
Magic:  7/7        EV: 13    Int: 10    God:
Gold:   165        SH:  8    Dex: 13    Spells: 6/6 levels left

rFire   . . .      SeeInvis .   a - +3 flail (protect) {mace}
rCold   . . .      Faith    .   e - +1 buckler
rNeg    . . .      Spirit   .   (helmet restricted)
rPois   .          Reflect  .   (no amulet)
rElec   .          Harm     .   (no ring)
rCorr   .          Rampage  .   (no ring)
Will    .....                   (no ring)
Stlth   ++........              (no ring)
HPRegen 0.15/turn               (no ring)
MPRegen 0.10/turn               (no ring)
                                (no ring)
                                (no ring)

@: flying, studying Shields
A: almost no armour, amphibious, 8 rings, camouflage 1, gelatinous body 1,
(nimble swimmer 1), tentacles
a: no special abilities


You were on level 6 of the Dungeon.
You visited 1 branch of the dungeon, and saw 6 of its levels.

You collected 165 gold pieces.


Innate Abilities, Weirdness & Mutations

You cannot wear most types of armour.
You are amphibious.
You can wear up to eight rings at the same time.
Your skin changes colour to match your surroundings (Stealth+).
Your rubbery body absorbs attacks. (AC +1, EV +1)
((You are camouflaged when in or above water. (Stealth+)))
You have tentacles for arms and can constrict up to eight enemies at once.


   Skills:
 - Level 3.0 Fighting
 - Level 2.0 Long Blades
 - Level 3.4 Dodging
 + Level 11.2 Shields


You had 6 spell levels left.
You didn't know any spells.
Your spell library contained the following spells:

 Spells                   Type           Power      Damage    Failure   Level
 Conjure Flame            Conj/Fire      0%         6-21      80%         3
 Ignite Poison            Fire/Tmut/Pois 0%         N/A       80%         3
 Sticky Flame             Conj/Fire      0%         2d3       99%         4

Inventory:

Hand Weapons
 a - a +3 flail of protection (weapon) {mace}
   (You took it off an orc priest on level 4 of the Dungeon)
 b - a +0 hunting sling {sling}
   (You found it on level 3 of the Dungeon)
Missiles
 c - 2 throwing nets {=f!fthrowing}
 d - 4 boomerangs {throwing}
 h - 157 stones (quivered) {throwing}
 l - 12 poisoned darts {throwing}
Armour
 e - a +1 buckler (worn)
 k - a +0 cloak
   (You took it off Crazy Yiuf on level 2 of the Dungeon)
Jewellery
 o - a +4 ring of protection
   (You took it off a kobold on level 4 of the Dungeon)
Scrolls
 m - 2 scrolls of fog
 n - a scroll of silence {!r}
Potions
 f - a potion of curing {@q1}
 j - a potion of flight
 p - a potion of mutation {unknown}

Dungeon Overview and Level Annotations

Branches:
Dungeon (6/15)
 Temple: D:4-7

Altars:
Wu Jian

Annotations:
D:4 2 transporters
D:6 exclusion: door

##### #.####...........#
....###.##.+.c...).....+
###........#...........#
########.##.8.8.8.8.#
#..##.#..?#.#
##..##..c..# ##..##...##
##..##{## ##..@.# ######


You could see a centaur.


Message History

You take 10 damage, and now have 36/46 hp.
MASSIVE DAMAGE!! (PAUSE) 😕 HP[+1]
There is an open door here.
You close the door.
Press: ? - help, v - describe, . - travel A closed door.
Placed new exclusion.
Reduced exclusion size to a single square.
Key pressed, stopping explore.
Key pressed, stopping explore.
You pick up an Everburning Encyclopedia and begin reading...
You add the spells Conjure Flame, Ignite Poison and Sticky Flame to your library. 😎 HP[+9]
Your hp is fully restored (46).
You open the door.
A sky beast comes into view.
There is an open door here.
A centaur comes into view.
The centaur shouts!
The centaur wields a +0 shortbow.
The centaur shoots an arrow.
The arrow hits you!
You are too injured to fight recklessly! 😮 HP[-14]
You take 14 damage, and now have 32/46 hp.
MASSIVE DAMAGE!! (PAUSE)
You closely miss the sky beast.
Your tentacle-slap misses the sky beast.
The centaur shoots an arrow.
The arrow barely misses you. The sky beast hits you. The sky beast shocks you.
The centaur shoots an arrow.
You block the arrow.
The sky beast closely misses you. 😮 HP[-8]
You take 8 damage, and now have 24/46 hp.
You closely miss the sky beast.
The centaur shoots an arrow.
The arrow hits you!
* * * LOW HITPOINT WARNING * * *
The sky beast hits you.
* * * LOW HITPOINT WARNING * * *
The sky beast shocks you.
* * * LOW HITPOINT WARNING * * *
The centaur shoots an arrow.
You block the arrow. 😱 HP[-15]
You take 15 damage, and now have 9/46 hp.
MASSIVE DAMAGE!! (PAUSE) Really read
q - a scroll of blinking {!r}?
Blink to where?
Press: ? - help, Dir - move target
As you read the scroll of blinking {!r}, it crumbles to dust. 😱 HP[+1]
You close the door.
You are confused.
You feel invigorated. 😨 HP[+3]
You regained 3 hp, and now have 13/46 hp.
You start resting.
A centaur opens the door.
It is wielding a +0 shortbow. 😨 HP[+5]
You regained 5 hp, and now have 18/46 hp.
Unknown command.
You bump into the rock wall.
The centaur shoots an arrow.
The arrow hits you.
* * * LOW HITPOINT WARNING * * *
The sky beast flickers out of sight!
Deactivating autopickup; reactivate with Ctrl-A. 😨 HP[-3]
You take 3 damage, and now have 15/46 hp.
Unknown command.
You feel less invigorated.
You feel less confused. You block something's attack.
The centaur shoots an arrow.
The arrow hits you!
* * * LOW HITPOINT WARNING * * *
😱 HP[-4]
You take 4 damage, and now have 11/46 hp.
It's broken and can't be closed.
It was a potion of heal wounds.
You feel much better.
The centaur shoots an arrow.
The arrow closely misses you. Something hits you. Something shocks you.
The centaur shoots an arrow. 😮 HP[+13]
You regained 13 hp, and now have 24/46 hp.
Unknown command.
It was a potion of flight.
You feel very buoyant.
You fly up into the air.
Something hits you but does no damage.
The centaur shoots an arrow.
The arrow hits you!
* * * LOW HITPOINT WARNING * * *
😱 HP[-14]
You take 14 damage, and now have 10/46 hp.
MASSIVE DAMAGE!! (PAUSE) It was a potion of curing.
You feel better. Something hits you.
* * * LOW HITPOINT WARNING * * *
Something shocks you.
* * * LOW HITPOINT WARNING * * *
😱 HP[-3]
You take 3 damage, and now have 7/46 hp.
Unknown command.
You feel better. Something hits you.
* * * LOW HITPOINT WARNING * * *
Something shocks you.
* * * LOW HITPOINT WARNING * * *
The centaur shoots an arrow.
The arrow hits you.
You die...

Skill      XL: |  1  2  3  4  5  6  7 |
---------------+----------------------+-----
Shields        | 4 5 7 8 10 11 | 11.2
Fighting       | |  3.0
Long Blades    | |  2.0
Dodging        | |  3.4

Action                   |  1- 3 |  4- 6 |  7- 9 || total
-------------------------+-------+-------+-------++-------
Melee: Long sword        |    56 |       |       ||    56
       Constrict         |    11 |    21 |     5 ||    37
       Tentacles         |     9 |    18 |     3 ||    30
       Punch             |     1 |     1 |     1 ||     3
       Dagger            |       |    57 |       ||    57
       Flail             |       |    20 |    25 ||    45
  Use: Scroll            |     3 |     7 |     1 ||    11
       Potion            |     2 |     2 |     6 ||    10
 Stab: Sleeping          |     9 |     3 |       ||    12
       Invisible         |     1 |       |       ||     1
       Distracted        |       |     1 |       ||     1
Armor: Skin              |     4 |     5 |    14 ||    23
Dodge: Dodged            |    29 |    23 |    14 ||    66
Block: Buckler           |     6 |    27 |    16 ||    49

Levels and vault maps discovered:
D:1:      dpeg_arrival_stonehenge_8_columns, layout_loops_ring,
          hellmonk_ecumenical_altar_inner_sanctum,
          chequers_serial_rivers_small_3
D:2:      layout_loops_corners, st_stairs_14, uniq_crazy_yiuf_cottage
D:3:      layout_loops_cross
D:4:      gammafunk_steamed_eel, layout_loops_ring,
          pdpol_wu_jian_five_deadly_venoms
D:5:      layout_loops_ring, minmay_temple_entry_ruins, grunt_ministairs_5
D:6:      layout_loops_ring, grunt_ministairs_2, abandoned_shop,
          minmay_misc_feat_hallway, dk_noncrumbling_3, moated_statue,
          nrook_pool_corridor, uniq_menkaure

Notes
Turn   | Place    | Note
-------+----------+-------------------------------------------
     0 | D:1      | spaghetti the Octopode Fighter began the quest for the Orb.
     0 | D:1      | Reached XP level 1. HP: 16/16 MP: 1/1
     0 | D:1      | magus.rc [v1.9.6]
    58 | D:1      | Reached XP level 2. HP: 19/21 MP: 2/2
   151 | D:1      | Identified a scroll of acquirement
   152 | D:1      | Acquired a manual of Shields
   582 | D:1      | Found a faded altar of an unknown god.
   603 | D:1      | You fall into a shaft and drop 1 floor!
   628 | D:2      | Reached skill level 4 in Shields
   630 | D:2      | Reached XP level 3. HP: 26/26 MP: 3/3
  1572 | D:2      | Found a runed translucent door.
  1573 | D:2      | Noticed Crazy Yiuf
  1784 | D:2      | Killed Crazy Yiuf
  1785 | D:2      | Reached skill level 5 in Shields
  1785 | D:2      | Reached XP level 4. HP: 31/31 MP: 4/4
  1996 | D:3      | Reached skill level 6 in Shields
  2342 | D:4      | Noticed a scorpion
  2352 | D:4      | Killed a scorpion
  2353 | D:4      | Reached skill level 7 in Shields
  2353 | D:4      | Reached XP level 5. HP: 17/36 MP: 5/5
  2561 | D:4      | Found an ornate altar of the Wu Jian Council.
  2601 | D:4      | Found a transporter.
  2835 | D:4      | Found a transporter.
  2882 | D:4      | Reached skill level 8 in Shields
  2983 | D:4      | HP: 9/36 [orc priest/divine providence (13)]
  2984 | D:4      | HP: 2/36 [orc priest/nerve-wracking pain (7)]
  3314 | D:4      | Reached XP level 6. HP: 31/42 MP: 6/6
  3440 | D:4      | Reached skill level 9 in Shields
  4024 | D:5      | Entered Level 5 of the Dungeon
  4051 | D:5      | Reached skill level 10 in Shields
  4051 | D:5      | Reached XP level 7. HP: 39/46 MP: 7/7
  4206 | D:5      | Reached skill level 11 in Shields
  4470 | D:6      | You add the spells Conjure Flame, Ignite Poison and Sticky
                  | Flame to your library.
  4492 | D:6      | HP: 9/46 [sky beast (5)]
  4498 | D:6      | HP: 11/46 [centaur/arrow (9)]
  4502 | D:6      | HP: 3/46 [something (6)]
  4502 | D:6      | Shot with an arrow by a centaur

Vanquished Creatures
  3 necrophages
  A scorpion (D:4)
  A howler monkey (D:5)
  A jelly (D:4)
  3 orc priests
  Crazy Yiuf (D:2)
  4 hounds
  3 gnolls (D:4)
  3 worms
  2 dart slugs
  5 orcs
  4 ball pythons
  4 bats
  8 endoplasms
  3 giant cockroaches
  7 goblins
  3 hobgoblins
  6 kobolds
  4 frilled lizards
  7 rats
73 creatures vanquished.

Table legend:
 A = Non-vault XP
 B = Vault XP
 C = Vault XP percentage of total XP
 D = Non-vault monster count
 E = Vault monster count
 F = Vault count percentage of total count
                 A         B        C        D         E       F
            +---------+---------+-------+---------+---------+-------
      Total |     868 |      44 |   4.8 |      70 |       3 |   4.1
            +---------+---------+-------+---------+---------+-------
        D:1 |      40 |       0 |   0.0 |      25 |       0 |   0.0
        D:2 |       6 |      44 |  88.0 |       5 |       3 |  37.5
        D:3 |      74 |       0 |   0.0 |      16 |       0 |   0.0
        D:4 |     391 |       0 |   0.0 |      16 |       0 |   0.0
        D:5 |     357 |       0 |   0.0 |       8 |       0 |   0.0
            +---------+---------+-------+---------+---------+-------

Illustrated notes

Table legend:
 A = Kills in this place as a percentage of kills in entire the game.
 B = Kills by you in this place as a percentage of kills by you in the entire game.
 C = Kills by friends in this place as a percentage of kills by friends in the entire game.
 D = Other kills in this place as a percentage of other kills in the entire game.
 E = Experience gained in this place as a percentage of experience gained in the entire game.
 F = Experience gained in this place divided by the number of levels of this place that you have seen.
                   A       B       C       D       E      F
               +-------+-------+-------+-------+-------+----------------------
         Total | 100.0 | 100.0 |   N/A |   N/A | 100.0 | 152.0
       Dungeon | 100.0 | 100.0 |   N/A |   N/A | 100.0 | 152.0
               +-------+-------+-------+-------+-------+----------------------

Table legend: (Time is in decaauts)
 A = Elapsed time spent in this place.
 B = Non-inter-level travel time spent in this place.
 C = Inter-level travel time spent in this place.
 D = Time resting spent in this place.
 E = Time spent auto-exploring this place.
 F = Levels seen in this place.
 G = Mean time per level.
                   A        B        C        D        E       F      G
               +--------+--------+--------+--------+--------+-----+--------+
         Total |   4539 |   4363 |    176 |    689 |   3086 |   6 |  756.5 |
       Dungeon |   4539 |   4363 |    176 |    689 |   3086 |   6 |  756.5 |
               +--------+--------+--------+--------+--------+-----+--------+

Top non-repeatable levels by time:
     D:4: 1239 daAuts
     D:3: 969 daAuts
     D:1: 929 daAuts
     D:2: 910 daAuts
     D:6: 287 daAuts
     D:5: 202 daAuts
